 Dungeon Crawl Stone Soup version 0.32-a0-612-g1c984fe9d1 (webtiles) character file.

Game seed: 7482078454192790520

1520 ragingrage the Carver (level 8, -1/66 HPs)
             Began as a Human Chaos Knight on Mar 5, 2024.
             Was a Plaything of Xom.
             Killed from afar by an electric eel (9 damage)
             ... with a bolt of electricity
             ... on level 7 of the Dungeon.
             The game lasted 00:08:57 (6625 turns).

ragingrage the Carver (Human Chaos Knight)          Turns: 6625, Time: 00:08:58

Health: -1/66      AC: 13    Str: 12    XL:     8   Next: 84%
Magic:  8/8        EV: 11    Int: 12    God:    Xom [..*...]
Gold:   1453       SH:  5    Dex: 18    Spells: 5/7 levels left

rFire   + + +        a - +0 long sword
rCold   . . .        z - +0 buckler
rNeg    . . .        v - +1 ring mail {rF+}
rPois   .            (helmet restricted)
rElec   .            h - +2 cloak
rCorr   .            (no gloves)
SInv    .            (no boots)
Will    .....        (no amulet)
Stlth   ++           x - ring of protection from fire
HPRegen 0.31/turn    C - ring of wizardry
MPRegen 0.11/turn

%: wizardry (x1)
@: no status effects
A: explore regen, horns 2, iridescent scales 2, agile 1, fire resistance 1,
robust 1, wild magic 1, MP-powered wands
a: Renounce Religion


You were on level 7 of the Dungeon.
You worshipped Xom.
You were a toy of Xom.
You visited 1 branch of the dungeon, and saw 7 of its levels.

You collected 1453 gold pieces.

Inventory:

Hand Weapons
 a - a +0 long sword (weapon)
 b - a +0 orcbow
 c - a +0 dagger of venom
 e - a +4 dagger
 y - a +0 sling
Missiles
 D - 4 poisoned darts (quivered)
 G - a throwing net
Armour
 h - a +2 cloak (worn)
 p - a scarf of invisibility
 v - a +1 ring mail of fire resistance (worn)
 w - a +2 leather armour
 z - a +0 buckler (worn)
 F - +0 fire dragon scales
Jewellery
 x - a ring of protection from fire (left hand)
 C - a ring of wizardry (right hand)
Scrolls
 i - a scroll of butterflies
 l - a scroll of noise {unknown}
 m - 3 scrolls of enchant armour
 r - a scroll of brand weapon {unknown}
 u - 4 scrolls of teleportation
 A - a scroll of fog {unknown}
 H - 2 scrolls of revelation
 K - a scroll of vulnerability {unknown}
 L - a scroll of summoning {unknown}
 M - a scroll of poison {unknown}
Potions
 d - 4 potions of curing
 f - 3 potions of enlightenment
 g - a potion of invisibility
 j - a potion of cancellation
 k - 3 potions of attraction
 n - a potion of ambrosia {unknown}
 o - 3 potions of heal wounds
 q - a potion of brilliance {unknown}
 s - 2 potions of lignification {unknown}
 t - a potion of haste {unknown}
 B - a potion of magic {unknown}
 E - 3 potions of might {unknown}
 I - 2 potions of degeneration {unknown}
 J - a potion of experience {unknown}


   Skills:
 + Level 3.9 Fighting
 * Level 10.1 Long Blades
 - Level 2.0 Armour
 + Level 2.5 Dodging
 - Level 2.0 Stealth
 + Level 1.4 Shields
 + Level 1.0 Hexes


You had 5 spell levels left.
You knew the following spells:

 Your Spells              Type           Power      Damage    Failure   Level
a - Jinxbite              Hex            6%         N/A       45%         2

Your spell library contained the following spells:

 Spells                   Type           Power      Damage    Failure   Level
 Cigotuvi's Dreadful Rot  Necr/Alch/Air  0%         N/A       58%         2
 Dazzling Flash           Conj/Hex       2%         N/A       73%         3
 Volatile Blastmotes      Fire/Tloc      0%         2d10      80%         3
 Ignite Poison            Fire/Alch      0%         N/A       99%         4
 Freezing Cloud           Conj/Ice/Air   0%         6-21      100%        5
 Yara's Violent Unravell  Hex/Alch       0%         3d3       100%        5
 Starburst                Conj/Fire      0%         6d3       100%        6
 Enfeeble                 Hex            1%         N/A       100%        7
 Maxwell's Capacitive Co  Air            0%         ∞         100%        8


Dungeon Overview and Level Annotations

Branches:
Dungeon (7/15)             Temple (0/1) D:6

Altars:
Sif Muna
Trog
Xom

Annotations:
D:4 exclusion: downstairs


Innate Abilities, Weirdness & Mutations

You regain HP and MP as you explore.
You have a pair of horns on your head.
You are mostly covered in iridescent scales. (AC +4)
You are agile. (Dex +4, Str/Int -1)
Your flesh is heat resistant. (rF+)
You are robust. (+10% HP)
Your spells are a little harder to cast, but a little more powerful.
You expend magic power (3 MP) to strengthen your wands.


Message History

Your Hexes skill increases to level 1!
You swing at nothing.
You start resting.
What are your orders? t - Shout!
Orders for allies: a - Attack new target. r - Retreat! s - Stop attacking. g - Guard the area. f - Follow me.
Anything else - Cancel.
You shout for attention!
You start waiting.
Done waiting.
You enter the shallow water.
Moving in this stuff is going to be slow.
N - a scroll of identify
As you read the scroll of identify, it crumbles to dust.
o - 3 potions of heal wounds
Found a stone staircase leading up.
You enter the shallow water.
Moving in this stuff is going to be slow.
You are now a toy of Xom.
An electric eel comes into view.
The electric eel shoots out a bolt of lightning at you!
The bolt of electricity hits the plant.
The plant begins to die.
The bolt of electricity hits you!
The electric eel shoots out a bolt of lightning at you!
The bolt of electricity hits the plant!
The plant begins to die.
The bolt of electricity hits the plant!
The plant begins to die.
The bolt of electricity hits the plant!
The plant begins to die.
The bolt of electricity hits you!
The electric eel shoots out a bolt of lightning at you!
The bolt of electricity hits the plant!
The bolt of electricity hits you!
The electric eel shoots out a bolt of lightning at you!
The bolt of electricity hits the plant!
The bolt of electricity hits you! x2
* * * LOW HITPOINT WARNING * * *
The bolt of electricity hits the plant!
The electric eel shoots out a bolt of lightning at you!
The bolt of electricity hits the plant! x2; The bolt of electricity hits you!
You die...
Xom laughs nastily!

......).######.#.######.# #.#
##..#.....####..........# #.#
..>.#.....#.......#############.#
#####.....#.......# #...........
###.###.......# #.##########
#######.# #.......# #.#######
....).))# #.......# #.#.....#
######### #.......# #.#.###.#
...# ######@#####.#.###.# ##.# *
#.PP..#...........# #.# *
#P~~~~P...###.#.#####
##.#####P~S~~♣~~~........#
.........P~~♣♣♣~P~...#...#
.#.#####.P~~♣ ♣S~..###...#
.#.##.....~~♣ ♣♣PPP..#...#
##.##.# #*P5 ♣~S.P#.#...# ##.##.#
S*~♣~P.....<..########


You could see 3 electric eels.

Vanquished Creatures
  A black bear (D:5)
  An ice beast (D:6)
  A centaur (D:6)
  An ogre (D:6)
  A kobold brigand (D:6)
  2 bullfrogs (D:6)
  3 scorpions
  An electric eel (D:7)
  2 hounds
  A jelly (D:5)
  2 orc priests (D:7)
  A bombardier beetle (D:6)
  5 iguanas
  3 orc wizards
  4 sleepcaps
  A gnoll (D:2)
  4 adders
  2 shadow imps
  3 white imps (D:6)
  4 dart slugs
  18 orcs
  6 endoplasms
  3 giant cockroaches
  5 goblins
  7 hobgoblins
  6 jackals
  4 quokkas
  7 ball pythons
  5 bats
  2 frilled lizards (D:3)
  7 kobolds
  4 rats
117 creatures vanquished.

Vanquished Creatures (collateral kills)
  A centaur (D:5)
1 creature vanquished.

Grand Total: 118 creatures vanquished

Notes
Turn   | Place    | Note
-------+----------+-------------------------------------------
     0 | D:1      | ragingrage the Human Chaos Knight began the quest for the
                  | Orb.
     0 | D:1      | Reached XP level 1. HP: 18/18 MP: 1/1
   115 | D:1      | Reached XP level 2. HP: 19/24 MP: 2/2
   332 | D:1      | Reached skill level 1 in Stealth
   397 | D:1      | Reached XP level 3. HP: 29/29 MP: 3/3
   439 | D:1      | XOM: silly message
   668 | D:1      | Reached skill level 4 in Long Blades
   789 | D:2      | Found a shimmering altar of Xom.
   925 | D:2      | XOM: give mutations
   925 | D:2      | Gained mutation: You have a pair of small horns on your
                  | head. [Xom's grace]
   925 | D:2      | Gained mutation: You are robust. (+10% HP) [Xom's grace]
   925 | D:2      | Gained mutation: You are partially covered in iridescent
                  | scales. (AC +2) [Xom's grace]
   925 | D:2      | Gained mutation: Your spells are a little harder to cast,
                  | but a little more powerful. [Xom's grace]
  1052 | D:2      | XOM: scenery: create altars
  1062 | D:2      | Found a faded altar of an unknown god.
  1217 | D:2      | XOM: god gift: scarf of invisibility
  1323 | D:2      | Reached XP level 4. HP: 21/38 MP: 4/4
  2373 | D:4      | Found a bloodstained altar of Trog.
  2475 | D:4      | Reached skill level 5 in Long Blades
  2531 | D:4      | Reached XP level 5. HP: 45/45 MP: 5/5
  2837 | D:4      | XOM: scenery: create altars
  2973 | D:5      | Entered Level 5 of the Dungeon
  2973 | D:5      | Noticed a water moccasin
  3265 | D:5      | XOM: give mutations
  3265 | D:5      | Gained mutation: You expend magic power (3 MP) to
                  | strengthen your wands. [Xom's mischief]
  3265 | D:5      | Gained mutation: Your flesh is heat resistant. (rF+) [Xom's
                  | mischief]
  3276 | D:5      | XOM: fog
  3290 | D:4      | XOM: smoke on damage
  3293 | D:4      | XOM: divination: detect items
  3455 | D:5      | Reached skill level 6 in Long Blades
  3455 | D:5      | Reached XP level 6. HP: 44/51 MP: 6/6
  3815 | D:5      | Reached skill level 7 in Long Blades
  3831 | D:5      | XOM: confuse monster(s)
  3833 | D:5      | XOM: summons 6 friendly demons
  3836 | D:5      | Reached XP level 7. HP: 39/57 MP: 7/7
  3842 | D:5      | XOM: scenery: summon butterflies
  3881 | D:5      | Reached skill level 8 in Long Blades
  4243 | D:6      | XOM: give mutations
  4243 | D:6      | Gained mutation: You are mostly covered in iridescent
                  | scales. (AC +4) [Xom's grace]
  4243 | D:6      | Gained mutation: You are agile. (Dex +4, Str/Int -1) [Xom's
                  | grace]
  4243 | D:6      | Gained mutation: You have a pair of horns on your head.
                  | [Xom's grace]
  4486 | D:6      | XOM: god gift: 1002 gold pieces
  4540 | D:6      | Reached skill level 9 in Long Blades
  4540 | D:6      | Reached XP level 8. HP: 63/63 MP: 8/8
  4773 | D:6      | XOM: confuse monster(s)
  4939 | D:6      | XOM: scenery: summon butterflies
  4973 | D:6      | XOM: divination: detect creatures
  5097 | D:6      | Found a staircase to the Ecumenical Temple.
  5127 | D:6      | XOM: enchant monster (good)
  5390 | D:6      | Learned a level 2 spell: Jinxbite
  5476 | D:7      | Reached skill level 1 in Shields
  5604 | D:7      | XOM: divination: magic mapping
  5630 | D:7      | XOM: divination: detect creatures
  5699 | D:7      | Reached skill level 10 in Long Blades
  5714 | D:7      | XOM: noise
  5766 | D:7      | XOM: 5-stop teleportation journey
  5881 | D:7      | XOM: blink monster(s)
  6191 | D:7      | Found a shimmering blue altar of Sif Muna.
  6425 | D:7      | Reached skill level 1 in Hexes
  6625 | D:7      | Killed from afar by an electric eel

Illustrated notes

Levels and vault maps discovered:
D:1:      pf_arrival_petrified_forest, layout_loops_ring
D:2:      layout_loops_ring, basic_ecumenical_altar, basic_altar,
          minmay_quadrilaterals
D:3:      layout_basic, hangedman_glass_teeth
D:4:      layout_rooms, lemuel_tele_altar, kennysheep_generic_room_2
D:5:      black_bear_nest_1, layout_rooms
D:6:      layout_rooms, minmay_temple_entry_mini_moons
D:7:      layout_basic, led_sif_book, serial_bayou, serial_bayou_crossing,
          serial_bayou_pond_a, serial_bayou_pond_c, serial_bayou_pond_a,
          serial_bayou_pond_c, serial_bayou_pond_d

Skill      XL: |  1  2  3  4  5  6  7  8 |
---------------+-------------------------+-----
Stealth        | 1 2 |  2.0
Long Blades    | 4 5 6 7 9 10 | 10.1
Dodging        | 2 |  2.5
Shields        | 1 |  1.4
Hexes          | 1 |  1.0
Fighting       | |  3.9
Armour         | |  2.0

Action                     |  1- 3 |  4- 6 |  7- 9 || total
---------------------------+-------+-------+-------++-------
  Melee: Falchion          |    98 |    49 |       ||   147
         Headbutt          |     3 |    25 |    37 ||    65
         Long sword        |       |    86 |   149 ||   235
         Dagger            |       |     7 |    19 ||    26
   Fire: Orcbow            |       |       |     6 ||     6
  Throw: Boomerang         |       |    18 |       ||    18
         Dart              |       |     8 |    23 ||    31
    Use: Scroll            |     5 |     4 |     2 ||    11
   Stab: Sleeping          |     2 |     1 |       ||     3
         Confused          |     1 |       |     3 ||     4
 Armour: Leather armour    |    45 |     4 |       ||    49
         Ring mail         |       |    99 |   131 ||   230
  Dodge: Dodged            |    53 |    69 |    62 ||   184
  Block: Buckler           |       |       |    10 ||    10

Table legend: (Time is in decaauts)
 A = Elapsed time spent in this place.
 B = Non-inter-level travel time spent in this place.
 C = Inter-level travel time spent in this place.
 D = Time resting spent in this place.
 E = Time spent auto-exploring this place.
 F = Levels seen in this place.
 G = Mean time per level.
                   A        B        C        D        E       F      G
               +--------+--------+--------+--------+--------+-----+--------+
         Total |   6659 |   6200 |    459 |    942 |   3778 |   7 |  951.3 |
       Dungeon |   6659 |   6200 |    459 |    942 |   3778 |   7 |  951.3 |
               +--------+--------+--------+--------+--------+-----+--------+

Top non-repeatable levels by time:
     D:7: 1241 daAuts
     D:6: 1145 daAuts
     D:5: 1035 daAuts
     D:2: 953 daAuts
     D:4: 877 daAuts
     D:1: 777 daAuts
     D:3: 629 daAuts
